 Dungeon Crawl Stone Soup version 0.30.0-20-g3b4254fcbd (webtiles) character file.

Game seed: 878005836827556501

52 Graphine the Sneak (level 3, 0/28 HPs)
             Began as a Merfolk Brigand on June 2, 2023.
             Succumbed to Crazy Yiuf's poison
             ... on level 2 of the Dungeon.
             The game lasted 00:02:37 (1718 turns).

Graphine the Sneak (Merfolk Brigand)                Turns: 1718, Time: 00:02:38

Health: 0/28       AC:  4    Str: 11    XL:     3   Next: 85%
Magic:  3/3        EV: 12    Int: 10    God:
Gold:   97         SH:  0    Dex: 17    Spells: 2/2 levels left

rFire   . . .        a - +2 dagger
rCold   . . .        (no shield)
rNeg    . . .        b - +0 robe
rPois   .            (no helmet)
rElec   .            c - +1 cloak
rCorr   .            (no gloves)
SInv    .            (no boots)
Will    .....        (no amulet)
Stlth   +++          (no ring)
HPRegen 0.24/turn    (no ring)
MPRegen 0.08/turn

%: no passive effects
@: lethally poisoned (0 -> -6)
A: (nimble swimmer 2), mertail
a: no special abilities


You were on level 2 of the Dungeon.
You visited 1 branch of the dungeon, and saw 2 of its levels.

You collected 97 gold pieces.

Inventory:

Hand Weapons
 a - a +2 dagger (weapon)
Missiles
 d - 8 poisoned darts (quivered)
 e - a curare-tipped dart
Armour
 b - a +0 robe (worn)
 c - a +1 cloak (worn)
Scrolls
 h - 3 scrolls of teleportation
 i - a scroll of amnesia {unknown}
 m - a scroll of identify {unknown}
 o - a scroll of acquirement {unknown}
 p - a scroll of vulnerability {unknown}
Potions
 f - a potion of resistance {unknown}
 g - a potion of haste {unknown}
 j - a potion of flight {unknown}
 k - a potion of lignification {unknown}
 l - a potion of might {unknown}
 n - a potion of brilliance {unknown}


   Skills:
 + Level 2.6 Fighting
 + Level 3.0 Short Blades
 + Level 2.3 Throwing
 + Level 2.1 Dodging
 * Level 5.1 Stealth


You had 2 spell levels left.
You didn't know any spells.
Your spell library contained the following spells:

 Spells                   Type           Power      Damage    Failure   Level
 Mephitic Cloud           Conj/Pois/Air  0%         N/A       75%         3
 Vhi's Electric Charge    Tloc/Air       0%         N/A       75%         3
 Airstrike                Air            0%         2d(0-16)  98%         4
 Maxwell's Capacitive Co  Air            0%         ∞         100%        8


Dungeon Overview and Level Annotations

Branches:
Dungeon (2/15)

Altars:

Annotations:
D:2 Crazy Yiuf


Innate Abilities, Weirdness & Mutations

((You are very nimble when in or above water. (Stealth+, EV+, Speed+++)))
Your lower body shifts to a powerful aquatic tail in water.


Message History

Crazy Yiuf is poisoned.
Crazy Yiuf convulses.
Crazy Yiuf seems to slow down.
Crazy Yiuf is moderately wounded.
There is an open translucent door here.
You hit Crazy Yiuf.
Crazy Yiuf is heavily wounded.
You barely miss Crazy Yiuf.
Crazy Yiuf is heavily wounded.
Crazy Yiuf hits you with a +2 quarterstaff of chaos!
You barely miss Crazy Yiuf.
Crazy Yiuf is heavily wounded.
Hit: a) +2 dagger
Press: ? - help, Dir - move target, f/p - Crazy Yiuf
Aim: Crazy Yiuf, wielding a +2 quarterstaff of chaos and wearing a +0 cloak (severely wounded, poisoned, slow, about 29% to evade your +2 dagger)
You hit Crazy Yiuf.
Crazy Yiuf is severely wounded.
Crazy Yiuf hits you with a +2 quarterstaff of chaos!
* * * LOW HITPOINT WARNING * * *
You are lethally poisoned!
Okay, then.
Throw: 9 darts (poison)
Press: ? - help, Shift-Dir - straight line, f/p - Crazy Yiuf
Aim: Crazy Yiuf, wielding a +2 quarterstaff of chaos and wearing a +0 cloak (severely wounded, poisoned, slow, 65% to hit)
You throw a poisoned dart.
The poisoned dart barely misses Crazy Yiuf.
* * * LOW HITPOINT WARNING * * *
You feel very sick.
Hit: a) +2 dagger
Press: ? - help, Dir - move target, f/p - Crazy Yiuf
Aim: Crazy Yiuf, wielding a +2 quarterstaff of chaos and wearing a +0 cloak (severely wounded, poisoned, slow, about 29% to evade your +2 dagger)
You barely miss Crazy Yiuf.
Crazy Yiuf is severely wounded.
* * * LOW HITPOINT WARNING * * *
You feel sick. Crazy Yiuf closely misses you.
Hit: a) +2 dagger
Press: ? - help, Dir - move target, f/p - Crazy Yiuf
Aim: Crazy Yiuf, wielding a +2 quarterstaff of chaos and wearing a +0 cloak (severely wounded, poisoned, slow, about 29% to evade your +2 dagger)
You closely miss Crazy Yiuf.
Crazy Yiuf is severely wounded.
You die...

.....##.#######..#
#.#####
...(.##..........#
#.....#
.....##.########.#
#.###.# .....##.#
### ### #.#
..>..##.# #.#
#######.#
♣♣♣♣♣##.##
#.....#.# ####
♣♣♣.♣...#..#
#.###.#.#
#...#♣..♣.......#
..###.#.#
#(.g@.♣♣♣♣......#
......#.# #(..#♣♣
♣♣..#.## ...####.#
#### ♣♣#### ##.#
#.### ##'## #.#.#
#...# #.#.######
#...# #.#(.....#
#...###.#......#
#.......'......#


You could see Crazy Yiuf (poisoned, slow).

Vanquished Creatures
  Terence (D:2)
  A gnoll (D:1)
  A dart slug (D:2)
  A ball python (D:1)
  An endoplasm (D:2)
  3 quokkas
  2 bats
  2 frilled lizards
  2 goblins
  2 kobolds (D:1)
  A rat (D:1)
17 creatures vanquished.

Notes
Turn   | Place    | Note
-------+----------+-------------------------------------------
     0 | D:1      | Graphine the Merfolk Brigand began the quest for the Orb.
     0 | D:1      | Reached XP level 1. HP: 16/16 MP: 1/1
   540 | D:1      | Reached XP level 2. HP: 23/23 MP: 2/2
   976 | D:2      | Reached XP level 3. HP: 28/28 MP: 3/3
  1195 | D:2      | Found a runed translucent door.
  1196 | D:2      | Noticed Crazy Yiuf
  1259 | D:2      | Noticed Terence
  1267 | D:2      | Killed Terence
  1268 | D:2      | Reached skill level 5 in Stealth
  1395 | D:2      | Got Sif Muna's Grimoire of Pollution and Austromancy
  1717 | D:2      | HP: 1/28 [poisoned by Crazy Yiuf]
  1718 | D:2      | Succumbed to Crazy Yiuf's poison

Illustrated notes

Levels and vault maps discovered:
D:1:      elethiomel_arrival_maze, layout_loops_ring, serial_forest,
          infiniplex_forest_end_2, infiniplex_forest_clump_medium,
          infiniplex_forest_lined_room_2, infiniplex_forest_diagonal,
          infiniplex_forest_clump_double, infiniplex_forest_end_2,
          infiniplex_forest_lined_1, infiniplex_forest_zigzag_1,
          serial_park_tiny_2
D:2:      layout_basic, hangedman_glass_teeth, uniq_crazy_yiuf_cottage,
          uniq_terence

Skill      XL: |  1  2  3 |
---------------+----------+-----
Short Blades   | 3 |  3.0
Dodging        | 2 |  2.1
Stealth        | 5 |  5.1
Fighting       | |  2.6
Throwing       | |  2.3

Action                     || total
---------------------------++-------
  Melee: Dagger            ||    44
  Throw: Dart              ||     9
    Use: Scroll            ||     3
   Stab: Sleeping          ||     9
 Armour: Robe              ||     4
  Dodge: Dodged            ||     9
